 Dungeon Crawl Stone Soup version 0.32-a0-675-gdc239d62e1 (webtiles) character file.

Game seed: 4707313348514497997

8 javelincjr the Grasshopper (level 2, 0/22 HPs)
             Began as a Demonspawn Warper on Mar 11, 2024.
             Slain by a ball python (2 damage)
             ... on level 1 of the Dungeon.
             The game lasted 00:00:46 (284 turns).

javelincjr the Grasshopper (Demonspawn Warper)       Turns: 284, Time: 00:00:46

Health: 0/22       AC:  3    Str: 11    XL:     2   Next: 0%
Magic:  5/5        EV:  1    Int: 13    God:
Gold:   0          SH:  0    Dex: 12    Spells: 5/5 levels left

rFire   . . .        a - +0 spear
rCold   . . .        (no shield)
rNeg    . . .        b - +0 leather armour
rPois   .            (no helmet)
rElec   .            (no cloak)
rCorr   .            (no gloves)
SInv    +            (no boots)
Will    .....        (no amulet)
Stlth   +            g - ring of see invisible
HPRegen 0.23/turn    (no ring)
MPRegen 0.09/turn

%: no passive effects
@: constricted
A: claws 1
a: no special abilities


You were on level 1 of the Dungeon.
You visited 1 branch of the dungeon, and saw 1 of its levels.

Inventory:

Hand Weapons
 a - a +0 spear (weapon)
Missiles
 d - 7 darts of dispersal (quivered)
Armour
 b - a +0 leather armour (worn)
Jewellery
 g - a ring of see invisible (left claw)
Scrolls
 c - a scroll of blinking
 f - a scroll of enchant weapon {unknown}
 h - a scroll of noise {unknown}
Potions
 e - a potion of berserk rage {unknown}


   Skills:
 * Level 2.2 Fighting
 + Level 1.9 Polearms
 - Level 0.8 Throwing
 + Level 1.0 Armour
 + Level 1.9 Dodging
 + Level 2.0 Spellcasting
 + Level 2.7 Translocations


You had 5 spell levels left.
You didn't know any spells.
Your spell library contained the following spells:

 Spells                   Type           Power      Damage    Failure   Level
 Blink                    Tloc           16%        N/A       16%         2
 Lesser Beckoning         Tloc           16%        N/A       16%         2
 Teleport Other           Tloc           8%         N/A       32%         3
 Manifold Assault         Tloc           8%         N/A       71%         4
 Vhi's Electric Charge    Tloc/Air       8%         N/A       88%         4


Dungeon Overview and Level Annotations

Branches:
Dungeon (1/15)

Altars:


Innate Abilities, Weirdness & Mutations

You have sharp fingernails.


Message History

The bat closely misses you.
A ball python comes into view.
Found a leather armour and a talisman of death.
The ball python hisses angrily.
The bat barely misses you.
You completely miss the bat.
The bat is severely wounded.
The bat hits you but does no damage. The bat hits you.
You closely miss the bat.
The bat is severely wounded.
The bat hits you but does no damage. The ball python bites you.
The ball python grabs you. The ball python constricts you.
The ball python bites you. The ball python constricts you.
You hit the ball python but do no damage.
The bat hits you but does no damage.
The ball python bites you but does no damage.
The ball python constricts you.
You closely miss the ball python. The bat hits you. The ball python bites you.
The ball python constricts you.
You completely miss the ball python.
The endoplasm hits you but does no damage.
The ball python bites you but does no damage.
The ball python constricts you. The bat hits you but does no damage.
The ball python's grasp on you weakens, but your attempt to escape fails.
The bat hits you. The bat hits you but does no damage.
The ball python bites you. The ball python constricts you.
The endoplasm freezes you.
You are frozen.
* * * LOW HITPOINT WARNING * * *
The bat hits you but does no damage.
You are too injured to fight recklessly!
You are too injured to fight recklessly!
The ball python's grasp on you weakens, but your attempt to escape fails.
The ball python bites you.
* * * LOW HITPOINT WARNING * * *
The ball python constricts you.
* * * LOW HITPOINT WARNING * * *
The endoplasm hits you but does no damage.
The ball python bites you.
You die...

..# #.#
#.##.........#####
..# #.#
#.##.........# ###
#. #.##.#########
#.##.# #.##.#
#.##.# #.##.#
#..#.# ##@#+#
.....b.JS......
..####........[
##>......%
#........
#........
#........
#.#+##+#.


You could see an endoplasm, a bat and a ball python.

Vanquished Creatures
  A bat (D:1)
  An endoplasm (D:1)
  2 goblins (D:1)
  A hobgoblin (D:1)
  A ball python (D:1)
  A frilled lizard (D:1)
7 creatures vanquished.

Notes
Turn   | Place    | Note
-------+----------+-------------------------------------------
     0 | D:1      | javelincjr the Demonspawn Warper began the quest for the
                  | Orb.
     0 | D:1      | Reached XP level 1. HP: 16/16 MP: 3/3
    88 | D:1      | Reached skill level 1 in Armour
   180 | D:1      | Gained mutation: You have sharp fingernails. [demonic
                  | ancestry]
   180 | D:1      | Reached XP level 2. HP: 18/22 MP: 5/5
   284 | D:1      | Slain by a ball python

Illustrated notes

Levels and vault maps discovered:
D:1:      psy_arrival_radial01, layout_basic

Skill      XL: |  1 |
---------------+----+-----
Armour         | 1 |  1.0
Fighting       | |  2.2
Polearms       | |  1.9
Throwing       | |  0.8
Dodging        | |  1.9
Spellcasting   | |  2.0
Translocations | |  2.7

Action                     || total
---------------------------++-------
  Melee: Spear             ||    22
 Armour: Leather armour    ||    35
  Dodge: Dodged            ||     4

Table legend: (Time is in decaauts)
 A = Elapsed time spent in this place.
 B = Non-inter-level travel time spent in this place.
 C = Inter-level travel time spent in this place.
 D = Time resting spent in this place.
 E = Time spent auto-exploring this place.
 F = Levels seen in this place.
 G = Mean time per level.
                   A        B        C        D        E       F      G
               +--------+--------+--------+--------+--------+-----+--------+
         Total |    283 |    283 |      0 |      0 |    224 |   1 |  283.0 |
       Dungeon |    283 |    283 |      0 |      0 |    224 |   1 |  283.0 |
               +--------+--------+--------+--------+--------+-----+--------+

Top non-repeatable levels by time:
     D:1: 283 daAuts
